AoeStats
← 秋秋风落叶

Oasis

510122906Analyzed
4v4 RM · 3d ago on Sep 29, 2026· 49m 42s· 8 players
Game mode
Random Map
Map size
Large (8 player)
Population
200
Speed
Normal
Resources
Standard
Victory
Conquest
Starting age
Dark Age
Ending age
Imperial Age
RankedLock teamsTeams togetherTeam positionsShared explorationLock speedFull tech treeHidden civsTurbo modeCheats
Victory
Defeat
🇪🇸 Japanese · Spain
1402
+9
🇪🇸 Saracens · Spain
1324
+11
🇪🇸 Persians · Spain
1251
+14
🇪🇸 Georgians · Spain
1203
+16
🇭🇰 Magyars · Hong Kong SAR China
1255
-14
🇭🇰 Varangians · Hong Kong SAR China
1239
-13
🇨🇳 Goths · China
1237
-13
🇨🇳 Chinese · China
1143
-10
ppeng
4:33 Loom
10:53 Feudal Age
14:46 Castle Age
13:00 Double-Bit Axe
12:56 Man-at-Arms
13:27 Horse Collar
14:36 Scale Mail Armor
15:35 Squires
20:22 Forging
20:47 Long Swordsman
25:13 Bow Saw
25:06 Heavy Plow
25:30 Stone Mining
25:31 Gold Mining
26:40 Wheelbarrow
26:19 Pikeman
26:49 Town Watch
27:57 Fletching
28:09 Gold Mining
29:01 Hand Cart
33:00 Imperial Age
30:09 Pikeman
32:16 Iron Casting
32:52 Chain Mail Armor
33:06 Anarchy
35:16 Blast Furnace
34:31 Bodkin Arrow
36:13 Two-Man Saw
35:45 Crop Rotation
35:48 Conscription
35:29 Perfusion
35:35 Two-Handed Swordsman
37:01 Stone Shaft Mining
36:39 Bracer
36:26 Halberdier
38:31 Padded Archer Armor
38:11 Champion
39:34 Scale Barding Armor
41:35 Leather Archer Armor
41:03 Elite Huskarl
46:37 Chemistry
45:58 Ballistics
naturalandre12
2:10 Loom
11:56 Feudal Age
14:46 Forging
14:57 Bloodlines
17:19 Horse Collar
20:05 Wheelbarrow
24:29 Castle Age
22:26 Stone Mining
23:17 Gold Mining
26:20 Husbandry
29:12 Double-Bit Axe
30:52 Heavy Plow
35:58 Imperial Age
33:47 Hand Cart
36:23 Scale Barding Armor
36:55 Iron Casting
39:34 Stone Shaft Mining
40:42 Chain Barding Armor
41:24 Blast Furnace
45:21 Elite Jarl
47:46 Conscription
50:09 Plate Barding Armor
慌狂的鼹鼠
10:26 Feudal Age
15:11 Castle Age
14:18 Double-Bit Axe
14:16 Horse Collar
20:05 Loom
21:02 Wheelbarrow
20:29 Town Watch
21:27 Fletching
21:38 Padded Archer Armor
22:42 Elite Skirmisher
25:15 Bow Saw
29:47 Imperial Age
27:57 Bodkin Arrow
28:18 Leather Archer Armor
28:17 Pikeman
秋秋风落叶
0:29 Loom
13:34 Feudal Age
17:36 Double-Bit Axe
22:35 Fletching
SuterOne
9:56 Feudal Age
10:34 Double-Bit Axe
13:11 Loom
15:47 Castle Age
14:29 Horse Collar
19:40 Wheelbarrow
28:15 Heavy Plow
29:16 Gold Mining
32:22 Imperial Age
30:11 Bloodlines
30:30 Town Watch
31:54 Husbandry
32:04 Scale Barding Armor
32:11 Forging
33:06 Conscription
32:36 Cavalier
34:15 Hand Cart
34:46 Chain Barding Armor
35:41 Arson
36:33 Iron Casting
36:34 Plate Barding Armor
39:48 Savar
41:42 Blast Furnace
47:52 Caravan
|GaoeG| flamingo
6:09 Loom
9:01 Feudal Age
10:13 Double-Bit Axe
17:49 Fletching
19:21 Wheelbarrow
23:55 Castle Age
23:26 Padded Archer Armor
24:23 Crossbowman
25:00 Bodkin Arrow
26:05 Bow Saw
25:39 Horse Collar
25:59 Gold Mining
28:13 Ballistics
37:36 Imperial Age
35:56 Stone Mining
36:41 Gold Shaft Mining
36:10 Heavy Plow
37:37 Scale Barding Armor
37:43 Forging
38:07 Town Watch
40:50 Chain Barding Armor
41:06 Iron Casting
42:33 Conscription
41:36 Elite Mameluke
42:57 Plate Barding Armor
43:27 Hand Cart
44:11 Bloodlines
44:02 Husbandry
46:01 Blast Furnace
46:55 Bracer
JITANOmaleant7
2:42 Loom
11:18 Feudal Age
12:17 Double-Bit Axe
17:20 Castle Age
17:55 Fletching
21:53 Horse Collar
26:24 Bow Saw
26:15 Heavy Plow
28:41 Wheelbarrow
30:33 Bodkin Arrow
32:41 Thumb Ring
33:20 Ballistics
33:02 Gold Mining
33:02 Stone Mining
34:34 Gold Shaft Mining
34:21 Padded Archer Armor
34:38 Bloodlines
34:58 Husbandry
38:53 Squires
38:54 Scale Mail Armor
39:05 Forging
40:32 Chain Mail Armor
41:45 Iron Casting
42:53 Stone Mining
47:28 Imperial Age
48:45 Bracer
49:25 Plate Mail Armor
49:56 Blast Furnace
49:44 Parthian Tactics
|GaoeG| Joseba77
11:09 Feudal Age
13:00 Double-Bit Axe
15:40 Castle Age
13:36 Horse Collar
14:24 Gold Mining
15:22 Scale Barding Armor
16:05 Forging
17:11 Bloodlines
21:07 Loom
22:26 Husbandry
29:47 Wheelbarrow
29:47 Chain Barding Armor
32:53 Iron Casting
39:28 Imperial Age
36:24 Light Cavalry
39:44 Cavalier
42:37 Blast Furnace
42:04 Bow Saw
43:28 Hussar
47:22 Hand Cart
48:54 Chemistry
48:05 Padded Archer Armor
49:43 Leather Archer Armor
50:04 Plate Barding Armor
Connection lost

Rejoining the realm…

Still unreachable

The connection could not be restored.

Session expired

The server has moved on; the page needs a fresh start.